ITL
TUSCALOOSA TROUT SLAYERS @ BIRMINGHAM BARONS
06/21/2028
 
TOP OF THE 1ST
Tuscaloosa Trout Slayers batting - Pitching for Birmingham Barons : RHP Pedro Valdés
Pitching: RHP Pedro Valdés
Batting: RHB Alfredo Díaz 0-0: Fly out, F7 (Flyball, 7S)
Batting: RHB Jason Erickson 0-0: Ball
1-0: Called Strike
1-1: Foul Ball, location: 2F
1-2: Foul Ball, location: 2F
1-2: Strikes out swinging
Batting: LHB Marcos Villarreal 0-0: Ball
1-0: Ball
2-0: Ground out 3-1 (Groundball, 34)
Top of the 1st over - 0 run(s), 0 hit(s), 0 error(s), 0 left on base; Tuscaloosa 0 - Birmingham 0
BOTTOM OF THE 1ST
Birmingham Barons batting - Pitching for Tuscaloosa Trout Slayers : RHP Fernando Rodríguez
Pitching: RHP Fernando Rodríguez
Batting: LHB Alberto Santos 0-0: Bunt for hit - play at first, batter OUT! 1-3
Batting: RHB Yujiro Kurihara 0-0: Ball
1-0: Fly out, F9 (Flyball, 9LMF)
Batting: RHB Eric Johnson 0-0: Ball
1-0: Foul Ball, location: 2F
1-1: Ball
2-1: SINGLE (Line Drive, 4M)
Batting: SHB Orlando Aguilar 0-0: Ball
1-0: Ball
2-0: Called Strike
2-1: Foul Ball, location: 2F
2-2: Ball
3-2: Foul Ball, location: 2F
3-2: Strikes out looking
Bottom of the 1st over - 0 run(s), 1 hit(s), 0 error(s), 1 left on base; Tuscaloosa 0 - Birmingham 0
TOP OF THE 2ND
Tuscaloosa Trout Slayers batting - Pitching for Birmingham Barons : RHP Pedro Valdés
Batting: LHB Ed Hart 0-0: Called Strike
0-1: Foul Ball, location: 2F
0-2: Foul Ball, location: 2F
0-2: Ball
1-2: Ground out 6-3 (Groundball, 6)
Batting: RHB Shigemasa Ishida 0-0: Foul Ball, location: 2F
0-1: Ball
1-1: Ball
2-1: Called Strike
2-2: Ground out 5-3 (Groundball, 5S)
Batting: RHB Lowie van den Bogaert 0-0: Ball
1-0: SINGLE (Groundball, 6MD)
Batting: RHB Jason Saunders 0-0: Ball
Lowie van den Bogaert is caught stealing 2nd base
Top of the 2nd over - 0 run(s), 1 hit(s), 0 error(s), 0 left on base; Tuscaloosa 0 - Birmingham 0
BOTTOM OF THE 2ND
Birmingham Barons batting - Pitching for Tuscaloosa Trout Slayers : RHP Fernando Rodríguez
Batting: RHB Bryant von Bohlen 0-0: Called Strike
0-1: Ball
1-1: Swinging Strike
1-2: Ball
2-2: Ball
3-2: Ground out 5-3 (Groundball, 56)
Batting: RHB Warren Martin 0-0: Ball
1-0: Swinging Strike
1-1: Ball
2-1: Foul Ball, location: 2F
2-2: Ground out 5-3 (Groundball, 56)
Batting: RHB Jean-Paul St-Pierre 0-0: Ball
1-0: Foul Ball, location: 2F
1-1: Swinging Strike
1-2: Foul Ball, location: 2F
1-2: Strikes out swinging, 2-3 out at first.
Bottom of the 2nd over - 0 run(s), 0 hit(s), 0 error(s), 0 left on base; Tuscaloosa 0 - Birmingham 0
TOP OF THE 3RD
Tuscaloosa Trout Slayers batting - Pitching for Birmingham Barons : RHP Pedro Valdés
Batting: RHB Jason Saunders 0-0: Swinging Strike
0-1: Ball
1-1: Swinging Strike
1-2: Foul Ball, location: 2F
1-2: Ball
2-2: Foul Ball, location: 2F
2-2: Ball
3-2: Base on Balls
Batting: RHB Kurt Walter 0-0: Ball
1-0: Called Strike
1-1: Swinging Strike
1-2: Ball
2-2: Strikes out looking
Batting: RHB Tetsunori Ito 0-0: Foul Ball, location: 2F
0-1: Ball
1-1: Called Strike
1-2: Ball
2-2: Strikes out swinging
Batting: RHB Alfredo Díaz 0-0: Called Strike
0-1: Ball
1-1: Ball
2-1: Foul Ball, location: 2F
2-2: Ball
3-2: Foul Ball, location: 2F
3-2: Base on Balls
Jason Saunders to second
Batting: RHB Jason Erickson 0-0: Ball
1-0: Foul Ball, location: 2F
1-1: Foul Ball, location: 2F
1-2: Ball
2-2: Fly out, F7 (Flyball, 7)
Top of the 3rd over - 0 run(s), 0 hit(s), 0 error(s), 2 left on base; Tuscaloosa 0 - Birmingham 0
BOTTOM OF THE 3RD
Birmingham Barons batting - Pitching for Tuscaloosa Trout Slayers : RHP Fernando Rodríguez
Batting: RHB Pete Smith 0-0: Ball
1-0: Swinging Strike
1-1: Foul Ball, location: 2F
1-2: Foul Ball, location: 2F
1-2: Foul Ball, location: 2F
1-2: Foul Ball, location: 2F
1-2: Ball
2-2: Strikes out swinging
Batting: RHB Carlos Vásquez 0-0: SINGLE (Groundball, 6MD)
Batting: LHB Alberto Santos 0-0: Ball
1-0: Foul Ball, location: 2F
1-1: Swinging Strike
1-2: Foul Ball, location: 2F
1-2: Strikes out looking
Batting: RHB Yujiro Kurihara 0-0: Ball
Carlos Vásquez steals 2nd base
1-0: Foul Ball, location: 2F
1-1: Foul Ball, location: 2F
1-2: Strikes out looking
Bottom of the 3rd over - 0 run(s), 1 hit(s), 0 error(s), 1 left on base; Tuscaloosa 0 - Birmingham 0
TOP OF THE 4TH
Tuscaloosa Trout Slayers batting - Pitching for Birmingham Barons : RHP Pedro Valdés
Batting: LHB Marcos Villarreal 0-0: Ball
1-0: Ball
2-0: Foul Ball, location: 2F
2-1: Ball
3-1: Base on Balls
Batting: LHB Ed Hart 0-0: Called Strike
0-1: Ball
1-1: Foul Ball, location: 2F
1-2: Fly out, F7 (Flyball, 78S)
Batting: RHB Shigemasa Ishida 0-0: Called Strike
0-1: Called Strike
0-2: Fly out, F7 (Flyball, 78S)
Batting: RHB Lowie van den Bogaert 0-0: Ball
1-0: Called Strike
1-1: Ball
2-1: Ball
3-1: Base on Balls
Marcos Villarreal to second
Batting: RHB Jason Saunders 0-0: Called Strike
0-1: Ball
1-1: Called Strike
1-2: Foul Ball, location: 2F
1-2: Strikes out looking
Top of the 4th over - 0 run(s), 0 hit(s), 0 error(s), 2 left on base; Tuscaloosa 0 - Birmingham 0
BOTTOM OF THE 4TH
Birmingham Barons batting - Pitching for Tuscaloosa Trout Slayers : RHP Fernando Rodríguez
Batting: RHB Eric Johnson 0-0: Foul Ball, location: 2F
0-1: Called Strike
0-2: Strikes out looking
Batting: SHB Orlando Aguilar 0-0: Ball
1-0: Ball
2-0: Ball
3-0: Foul Ball, location: 2F
3-1: Base on Balls
Batting: RHB Bryant von Bohlen 0-0: Swinging Strike
0-1: Called Strike
0-2: Foul Ball, location: 2F
0-2: SINGLE (Groundball, 6D)
Orlando Aguilar to second
Batting: RHB Warren Martin 0-0: Ball
Wild Pitch!
Orlando Aguilar to third
Bryant von Bohlen to second
1-0: Called Strike
1-1: DOUBLE (Line Drive, 89D)
Orlando Aguilar scores
Bryant von Bohlen scores
Batting: RHB Jean-Paul St-Pierre 0-0: Swinging Strike
0-1: Ball
1-1: Ball
2-1: Swinging Strike
2-2: Ball
3-2: Strikes out swinging
Batting: RHB Pete Smith 0-0: Ball
1-0: Ball
2-0: Foul Ball, location: 2F
2-1: Ground out 5-3 (Groundball, 56S)
Bottom of the 4th over - 2 run(s), 2 hit(s), 0 error(s), 1 left on base; Tuscaloosa 0 - Birmingham 2
TOP OF THE 5TH
Tuscaloosa Trout Slayers batting - Pitching for Birmingham Barons : RHP Pedro Valdés
Batting: RHB Kurt Walter 0-0: Swinging Strike
0-1: Foul Ball, location: 2F
0-2: Ball
1-2: Fly out, F7 (Flyball, 7)
Batting: RHB Tetsunori Ito 0-0: Ball
1-0: Called Strike
1-1: Ball
2-1: Ball
3-1: Foul Ball, location: 2F
3-2: Foul Ball, location: 2F
3-2: Strikes out swinging
Batting: RHB Alfredo Díaz 0-0: Ball
1-0: Foul Ball, location: 2F
1-1: Swinging Strike
1-2: SINGLE (Flyball, 8RS)
Batting: RHB Jason Erickson 0-0: Ball
1-0: Called Strike
1-1: Ball
2-1: Ball
3-1: Foul Ball, location: 2F
3-2: Ground out 6-3 (Groundball, 56)
Top of the 5th over - 0 run(s), 1 hit(s), 0 error(s), 1 left on base; Tuscaloosa 0 - Birmingham 2
BOTTOM OF THE 5TH
Birmingham Barons batting - Pitching for Tuscaloosa Trout Slayers : RHP Fernando Rodríguez
Batting: RHB Carlos Vásquez 0-0: Foul Ball, location: 2F
0-1: Swinging Strike
0-2: Strikes out looking
Batting: LHB Alberto Santos 0-0: Foul Ball, location: 2F
0-1: Ball
1-1: Ball
2-1: Ball
3-1: Called Strike
3-2: Base on Balls
Batting: RHB Yujiro Kurihara 0-0: Foul Ball, location: 2F
0-1: Called Strike
0-2: Ball
1-2: Ball
2-2: Strikes out swinging
Batting: RHB Eric Johnson 0-0: Ball
1-0: 2-RUN HOME RUN (Flyball, 78XD), Distance : 390 ft
Batting: SHB Orlando Aguilar 0-0: Ball
1-0: Ball
2-0: Called Strike
2-1: Swinging Strike
2-2: Ball
3-2: Hit by Pitch, AND HE CHARGES THE MOUND! The benches clear!
Pitching: RHP Ronald Adams
Pinch Runner at 1st Curt Walker:
Batting: RHB Bryant von Bohlen 0-0: Called Strike
0-1: 2-RUN HOME RUN (Flyball, 78XD), Distance : 392 ft
Batting: RHB Warren Martin 0-0: Reached on error, E5 (Groundball, 2L)
Batting: RHB Jean-Paul St-Pierre 0-0: Ball
1-0: Swinging Strike
1-1: Foul Ball, location: 2F
1-2: SINGLE (Groundball, 4MD)
Warren Martin to third
Runner from 3rd tries for Home, SAFE, no throw
Batting: RHB Pete Smith 0-0: Called Strike
0-1: Ball
1-1: Called Strike
1-2: Ball
2-2: Strikes out swinging
Bottom of the 5th over - 5 run(s), 3 hit(s), 1 error(s), 1 left on base; Tuscaloosa 0 - Birmingham 7
TOP OF THE 6TH
Tuscaloosa Trout Slayers batting - Pitching for Birmingham Barons : RHP Pedro Valdés
Now at 3B: Curt Walker
Batting: LHB Marcos Villarreal 0-0: Ball
1-0: Ground out U3 (Groundball, 3)
Batting: LHB Ed Hart 0-0: Ball
1-0: Ball
2-0: Foul Ball, location: 2F
2-1: Ball
3-1: Base on Balls
Pitching: RHP Ken Lyons
Batting: RHB Shigemasa Ishida 0-0: Ball
1-0: Called Strike
1-1: Foul Ball, location: 2F
1-2: Foul Ball, location: 2F
1-2: Fly out, F9 (Flyball, 9LS)
Batting: RHB Lowie van den Bogaert 0-0: Called Strike
0-1: Foul Ball, location: 2F
0-2: Ball
1-2: Strikes out swinging
Top of the 6th over - 0 run(s), 0 hit(s), 0 error(s), 1 left on base; Tuscaloosa 0 - Birmingham 7
BOTTOM OF THE 6TH
Birmingham Barons batting - Pitching for Tuscaloosa Trout Slayers : RHP Ronald Adams
Batting: RHB Carlos Vásquez 0-0: SINGLE (Groundball, 6D)
Batting: LHB Alberto Santos 0-0: Grounds into double play, 4-6-3 (Groundball, 4)
Batting: RHB Yujiro Kurihara 0-0: Ground out 4-3 (Groundball, 4)
Bottom of the 6th over - 0 run(s), 1 hit(s), 0 error(s), 0 left on base; Tuscaloosa 0 - Birmingham 7
TOP OF THE 7TH
Tuscaloosa Trout Slayers batting - Pitching for Birmingham Barons : RHP Ken Lyons
Batting: RHB Jason Saunders 0-0: Called Strike
0-1: Swinging Strike
0-2: Strikes out swinging
Batting: RHB Kurt Walter 0-0: Ball
1-0: Swinging Strike
1-1: Ball
2-1: Foul Ball, location: 2F
2-2: Foul Ball, location: 2F
2-2: Foul Ball, location: 2F
2-2: Foul Ball, location: 2F
2-2: Strikes out swinging
Batting: RHB Tetsunori Ito 0-0: Ball
1-0: Ball
2-0: Ball
3-0: Called Strike
3-1: Ground out 4-3 (Groundball, 4)
Top of the 7th over - 0 run(s), 0 hit(s), 0 error(s), 0 left on base; Tuscaloosa 0 - Birmingham 7
BOTTOM OF THE 7TH
Birmingham Barons batting - Pitching for Tuscaloosa Trout Slayers : RHP Ronald Adams
Batting: RHB Eric Johnson 0-0: SINGLE (Groundball, 6MD)
Batting: LHB Curt Walker 0-0: Fly out, F9 (Flyball, 9D)
Batting: RHB Bryant von Bohlen 0-0: Ball
1-0: Ball
Eric Johnson is caught stealing 2nd base
2-0: Swinging Strike
2-1: Foul Ball, location: 2F
2-2: Fly out, F5 (Line Drive, 5S)
Bottom of the 7th over - 0 run(s), 1 hit(s), 0 error(s), 0 left on base; Tuscaloosa 0 - Birmingham 7
TOP OF THE 8TH
Tuscaloosa Trout Slayers batting - Pitching for Birmingham Barons : RHP Ken Lyons
Now at C: Vicente Carona
Pinch Hitting: RHB César Reyes 0-0: Called Strike
0-1: Called Strike
0-2: Strikes out swinging
Batting: RHB Jason Erickson 0-0: Called Strike
0-1: Ground out 6-3 (Groundball, 56)
Batting: LHB Marcos Villarreal 0-0: Ball
1-0: Called Strike
1-1: Ground out 4-3 (Groundball, 4)
Top of the 8th over - 0 run(s), 0 hit(s), 0 error(s), 0 left on base; Tuscaloosa 0 - Birmingham 7
BOTTOM OF THE 8TH
Birmingham Barons batting - Pitching for Tuscaloosa Trout Slayers : RHP Ronald Adams
Now in RF: Lynn Ford
Batting: RHB Warren Martin 0-0: Fly out, F8 (Flyball, 8RM)
Batting: RHB Jean-Paul St-Pierre 0-0: Fly out, F8 (Flyball, 8RM)
Batting: RHB Pete Smith 0-0: Called Strike
0-1: Ball
1-1: Swinging Strike
1-2: Foul Ball, location: 2F
1-2: Strikes out swinging
Bottom of the 8th over - 0 run(s), 0 hit(s), 0 error(s), 0 left on base; Tuscaloosa 0 - Birmingham 7
TOP OF THE 9TH
Tuscaloosa Trout Slayers batting - Pitching for Birmingham Barons : RHP Ken Lyons
Now at 1B: Juan Jiménez
Batting: LHB Ed Hart 0-0: Ball
1-0: Ball
2-0: Called Strike
2-1: Ground out 4-3 (Groundball, 4)
Batting: RHB Shigemasa Ishida 0-0: Ball
1-0: Swinging Strike
1-1: Fly out, F9 (Flyball, 89D)
Batting: RHB Lowie van den Bogaert 0-0: Ball
1-0: Ball
2-0: Called Strike
2-1: Called Strike
2-2: Ball
3-2: Foul Ball, location: 2F
3-2: Base on Balls
Batting: RHB Jason Saunders 0-0: Fly out, F8 (Flyball, 8RD)
Top of the 9th over - 0 run(s), 0 hit(s), 0 error(s), 1 left on base; Tuscaloosa 0 - Birmingham 7
Tuesday, August 8th, 2017 - OOTP Baseball 17.12 Build 75